 Dungeon Crawl Stone Soup version 0.29.0-4-gdea44cf6ec (webtiles) character file.

Game seed: 11481374458540209095

4809 qw the Cleaver (level 10, -8/64 HPs)
             Began as a Gargoyle Berserker on Sept 6, 2022.
             Was an Elder of Trog.
             Shot with an arrow by a centaur warrior (21 damage)
             ... on level 8 of the Dungeon.
             The game lasted 00:03:22 (10375 turns).

qw the Cleaver (Gargoyle Berserker)                Turns: 10375, Time: 00:03:23

Health: -8/64      AC: 23    Str: 25    XL:     10   Next: 48%
Magic:  10/10      EV:  7    Int:  8    God:    Trog [****..]
Gold:   189        SH:  0    Dex:  9    Spells: 9/9 levels left

rFire   . . .      SeeInvis .   Y - +0 war axe (venom)
rCold   . . .      Faith    .   (no shield)
rNeg    + . .      Spirit   .   f - +0 plate armour
rPois   inf        Reflect  .   (no helmet)
rElec   +          Harm     .   (no cloak)
rCorr   +          Rampage  .   i - +2 pair of gloves
Will    .....                   (no boots)
Stlth   ..........              (no amulet)
HPRegen 0.20/turn               a - ring of resist corrosion
MPRegen 0.12/turn               (no ring)

@: about to teleport, on berserk cooldown, slowed, very slow
A: sickness immunity, AC +7, negative energy resistance 1, electricity
resistance, torment resistance 1, petrification resistance
a: Renounce Religion, Berserk, Trog's Hand, Brothers in Arms


You were on level 8 of the Dungeon.
You worshipped Trog.
Trog was greatly pleased with you.
You visited 1 branch of the dungeon, and saw 8 of its levels.
You also visited: Sewer.

You collected 441 gold pieces.
You spent 252 gold pieces at shops.


Innate Abilities, Weirdness & Mutations

You are immune to sickness and miasma.
Your stone body is resilient. (AC +7)
You are immune to poison.
You resist negative energy. (rN+)
You are resistant to electric shocks. (rElec)
You are resistant to unholy torment.
You are immune to petrification.


   Skills:
 - Level 8.1 Fighting
 - Level 11.3 Axes
 - Level 2.1 Throwing
 + Level 6.6 Armour
 - Level 1.5 Dodging


You had 9 spell levels left.
You didn't know any spells.
Your spell library was empty.

Inventory:

Hand Weapons
 n - a +1 hand axe of flaming
 Y - a +0 war axe of venom (weapon)
Missiles
 g - 6 boomerangs (quivered)
Armour
 f - a +0 plate armour (worn)
 i - a +2 pair of gloves (worn)
Jewellery
 a - a ring of resist corrosion (left hand)
 e - a +6 ring of strength
Scrolls
 c - 2 scrolls of identify
 d - 2 scrolls of teleportation
 p - a scroll of vulnerability {unknown}
 t - a scroll of poison {unknown}
Potions
 b - 2 potions of heal wounds
 h - a potion of invisibility {unknown}
 j - a potion of mutation {unknown}
 k - a potion of haste {unknown}
 l - a potion of resistance
 m - a potion of berserk rage {unknown}
 o - a potion of cancellation {unknown}
 q - 3 potions of curing
 r - 2 potions of attraction {unknown}
 s - a potion of might {unknown}

Dungeon Overview and Level Annotations

Branches:
Dungeon (8/15)             Temple (0/1) D:5            Lair (0/5) D:8
  Sewer (visited)

Altars:
Ashenzari
Elyvilon
Nemelex Xobeh
Trog
Uskayaw
Vehumet
Wu Jian

Shops:
D:3 (   D:6 !   D:8 !


Message History

A slime creature comes into view.
The howler monkey hits you but does no damage.
You barely miss the howler monkey.
The howler monkey is lightly wounded.
The slime creature quivers.
The howler monkey hits you. The howler monkey barely misses you.
You barely miss the howler monkey.
The howler monkey is moderately wounded.
You hit the slime creature.
The slime creature is poisoned.
The slime creature is lightly wounded.
The slime creature hits you but does no damage.
You slice the slime creature!!
The slime creature is heavily wounded.
The slime creature hits you.
You barely miss the slime creature.
The slime creature is heavily wounded.
The slime creature hits you but does no damage. x2
You barely miss the slime creature.
The slime creature is heavily wounded.
The slime creature hits you!
10370 ||| READING 4 scrolls of teleportation.
As you read the scroll of teleportation, it crumbles to dust.
You feel strangely unstable.
The slime creature hits you but does no damage.
10371 ||| DRINKING 3 potions of heal wounds.
You feel much better.
Your surroundings suddenly seem different.
You start resting.
A centaur warrior comes into view.
It is wielding a +5 long sword of electrocution, wearing the ring "Fapras" {Ice Will+ SInv} and quivering atropa-tipped darts.
The centaur warrior shouts!
The centaur warrior unwields a +5 long sword of electrocution.
It stops crackling.
The centaur warrior wields a +0 shortbow.
The centaur warrior shoots an arrow.
The arrow hits you.
The centaur warrior shoots an arrow.
The arrow hits you!
10375 ||| READING 3 scrolls of teleportation.
As you read the scroll of teleportation, it crumbles to dust.
You feel strangely unstable.
The centaur warrior shoots an arrow.
The arrow hits you!!
You die...

.............................#
...........# ##..#######...#.#
###..#)##.# #..# ##.##.#
#.....#.#####..# #.##.#
#..>....<......# #.##.#
###.....#.#......# #.##.##
.....##..........# #.##..###
####.##.#.#......########<##.....
#.##.#.##....@...c............
#.##.#.###.#..########.#..####
#.....<. #.#..# #....#.##
####.....#.#..### ###.....#
###..........#######.......
.........#.#.:..........#
###+###.....###+###...## ##...##.
##..## ##.##. ##..#


You could see a centaur warrior.

Vanquished Creatures
  A manticore (D:8)
  An efreet (D:8)
  A tengu conjurer (D:8)
  A wraith (D:7)
  4 wyverns
  A steam dragon (D:7)
  A water moccasin (D:5)
  An ice beast (D:8)
  An orc warrior (D:6)
  3 black bears
  A centaur (D:8)
  An ogre (D:5)
  A phantom (D:6)
  A necrophage (D:5)
  A gnoll sergeant (D:8)
  2 scorpions
  7 bullfrogs
  12 wights
  A killer bee (D:8)
  3 hounds
  6 jellies
  A gnoll bouda (D:8)
  4 orc priests
  Ijyb (D:5)
  5 orc wizards
  10 adders
  A white imp (D:7)
  2 ufetubi (D:5)
  3 worms
  3 dart slugs
  27 orcs
  15 endoplasms
  20 giant cockroaches
  11 goblins
  8 hobgoblins
  11 jackals
  13 quokkas
  15 ball pythons
  10 bats
  12 frilled lizards
  11 kobolds
  8 rats
242 creatures vanquished.

Vanquished Creatures (others)
  A hound (D:7)
  2 plants (D:2)
3 creatures vanquished.

Grand Total: 245 creatures vanquished

Notes
Turn   | Place    | Note
-------+----------+-------------------------------------------
     0 | D:1      | qw the Gargoyle Berserker began the quest for the Orb.
     0 | D:1      | Reached XP level 1. HP: 14/14 MP: 1/1
     0 | D:1      | 0 ||| qw: Version: 0.1-a-108-g9e35731
     0 | D:1      | 0 ||| qw: Game counter: 6379
     0 | D:1      | 0 ||| qw: Always use a shield: true
     0 | D:1      | 0 ||| qw: Do Orc after D:15 true
     0 | D:1      | 0 ||| qw: Do second Lair branch before Depths: true
     0 | D:1      | 0 ||| qw: Lair rune preference: random
     0 | D:1      | 0 ||| qw: Plans: Normal
     0 | D:1      | 0 ||| PLANNING D:1-11
   149 | D:1      | Reached skill level 3 in Axes
   172 | D:1      | 172 ||| Stepping ~*~*~tactically~*~*~ (hiding).
   280 | D:1      | 280 ||| Stepping ~*~*~tactically~*~*~ (hiding).
   382 | D:1      | 382 ||| Stepping ~*~*~tactically~*~*~ (hiding).
   492 | D:1      | Reached XP level 2. HP: 16/19 MP: 2/2
   759 | D:1      | 759 ||| Stepping ~*~*~tactically~*~*~ (hiding).
   861 | D:1      | 861 ||| Stepping ~*~*~tactically~*~*~ (hiding).
   862 | D:1      | 862 ||| Stepping ~*~*~tactically~*~*~ (hiding).
  1363 | D:1      | 1363 ||| Stepping ~*~*~tactically~*~*~ (stealth).
  1368 | D:1      | Reached XP level 3. HP: 20/23 MP: 3/3
  1413 | D:1      | 1413 ||| Stepping ~*~*~tactically~*~*~ (stealth).
  1417 | D:1      | 1417 ||| Stepping ~*~*~tactically~*~*~ (stealth).
  1658 | D:1      | 1658 ||| READING scroll labelled REXICE CYBU.
  1659 | D:1      | 1659 ||| READING scroll labelled CUPIGETOIX.
  1660 | D:1      | 1660 ||| READING scroll labelled BOWINK QEAD.
  1766 | D:2      | Reached skill level 4 in Axes
  1776 | D:2      | 1776 ||| INVOKING Berserk.
  1935 | D:2      | 1935 ||| DROPPING +0 whip.
  2005 | D:2      | 2005 ||| FLEEEEING.
  2006 | D:2      | 2006 ||| FLEEEEING.
  2007 | D:2      | 2007 ||| FLEEEEING.
  2011 | D:2      | 2011 ||| STAIRDANCE
  2044 | D:1      | 2044 ||| UPGRADING to +0 ring mail.
  2054 | D:1      | 2054 ||| DROPPING +0 animal skin.
  2055 | D:1      | 2055 ||| UPGRADING to +0 pair of gloves.
  2060 | D:1      | 2060 ||| DRINKING 2 fizzy orange potions.
  2161 | D:1      | 2161 ||| READING 2 scrolls of identify.
  2161 | D:1      | 2161 ||| IDENTIFYING ruby potion
  2162 | D:1      | 2162 ||| DROPPING potion of degeneration.
  2163 | D:1      | 2163 ||| DROPPING potion of ambrosia.
  2258 | D:2      | Reached XP level 4. HP: 28/28 MP: 4/4
  2408 | D:2      | 2408 ||| Stepping ~*~*~tactically~*~*~ (stealth).
  2409 | D:2      | 2409 ||| Stepping ~*~*~tactically~*~*~ (stealth).
  2470 | D:2      | Found a faded altar of an unknown god.
  2473 | D:2      | 2473 ||| UPGRADING to +0 chain mail.
  2483 | D:2      | 2483 ||| DROPPING +0 ring mail.
  2484 | D:2      | 2484 ||| READING scroll labelled FUOCUITIPE.
  2485 | D:2      | 2485 ||| READING scroll labelled ZAM QUTOLA.
  2519 | D:3      | Reached ** piety under Trog
  2545 | D:3      | 2545 ||| INVOKING Berserk.
  2550 | D:3      | Reached skill level 5 in Axes
  2684 | D:3      | Identified the +7 sling "Kuiculem" {flame, Fragile Int+5}
  2688 | D:3      | Reached XP level 5. HP: 32/32 MP: 5/5
  2704 | D:3      | 2704 ||| INVOKING Berserk.
  2743 | D:3      | 2743 ||| FLEEEEING.
  2744 | D:3      | 2744 ||| FLEEEEING.
  2745 | D:3      | 2745 ||| FLEEEEING.
  2749 | D:3      | 2749 ||| FLEEEEING.
  2750 | D:3      | 2750 ||| FLEEEEING.
  2752 | D:3      | 2752 ||| FLEEEEING.
  2753 | D:3      | 2753 ||| FLEEEEING.
  2754 | D:3      | 2754 ||| FLEEEEING.
  2755 | D:3      | 2755 ||| FLEEEEING.
  2756 | D:3      | 2756 ||| FLEEEEING.
  2759 | D:3      | 2759 ||| FLEEEEING.
  2760 | D:3      | 2760 ||| FLEEEEING.
  2761 | D:3      | 2761 ||| STAIRDANCE
  2948 | D:3      | 2948 ||| FLEEEEING.
  3023 | D:3      | 3023 ||| SWAPPING to +2 hand axe of electrocution.
  3024 | D:3      | 3024 ||| DROPPING +1 hand axe.
  3036 | D:3      | 3036 ||| Stepping ~*~*~tactically~*~*~ (stealth).
  3037 | D:3      | 3037 ||| Stepping ~*~*~tactically~*~*~ (stealth).
  3093 | D:3      | Found a hide-covered altar of Uskayaw.
  3094 | D:3      | Found a white marble altar of Elyvilon.
  3094 | D:3      | Found an ornate altar of the Wu Jian Council.
  3095 | D:3      | Found a broken altar of Ashenzari.
  3113 | D:3      | Noticed a black bear
  3119 | D:3      | 3119 ||| INVOKING Berserk.
  3127 | D:3      | Killed a black bear
  3128 | D:3      | Reached XP level 6. HP: 37/38 MP: 6/6
  3269 | D:3      | 3269 ||| Stepping ~*~*~tactically~*~*~ (stealth).
  3363 | D:3      | 3363 ||| Stepping ~*~*~tactically~*~*~ (stealth).
  3364 | D:3      | 3364 ||| Stepping ~*~*~tactically~*~*~ (stealth).
  3378 | D:3      | Found Yriats's Weapon Boutique.
  3389 | D:3      | 3389 ||| BUYING +0 war axe (42 gold).
  3389 | D:3      | Bought a +0 war axe for 42 gold pieces
  3389 | D:3      | 3389 ||| SHOPLISTING +2 war axe of holy wrath (219 gold,
                  | have 93).
  3389 | D:3      | 3389 ||| SWAPPING to +0 war axe.
  3390 | D:3      | 3390 ||| DROPPING +2 hand axe of electrocution.
  3474 | D:3      | 3474 ||| Stepping ~*~*~tactically~*~*~ (hiding).
  3479 | D:3      | 3479 ||| INVOKING Berserk.
  3485 | D:3      | Reached skill level 6 in Axes
  3752 | D:3      | 3752 ||| READING scroll labelled WOKLEZOZXU.
  3753 | D:3      | 3753 ||| READING scroll labelled UBBATHR LEUSKOR.
  3816 | D:3      | 3816 ||| READING 2 scrolls of identify.
  3816 | D:3      | 3816 ||| IDENTIFYING blue potion
  3817 | D:3      | 3817 ||| DROPPING potion of flight.
  3849 | D:4      | 3849 ||| Stepping ~*~*~tactically~*~*~ (hiding).
  4112 | D:4      | Noticed a black bear
  4115 | D:4      | 4115 ||| INVOKING Berserk.
  4119 | D:4      | Killed a black bear
  4120 | D:4      | Reached XP level 7. HP: 43/43 MP: 7/7
  4440 | D:4      | Found a bloodstained altar of Trog.
  4452 | D:4      | 4452 ||| Stepping ~*~*~tactically~*~*~ (stealth).
  4589 | D:4      | 4589 ||| INVOKING Berserk.
  4593 | D:4      | Reached skill level 3 in Armour
  4703 | D:4      | 4703 ||| DROPPING +0 flail.
  4760 | D:4      | Found a sparkling altar of Nemelex Xobeh.
  5151 | D:4      | 5151 ||| READING scroll labelled YCRAHU ILAFOCU.
  5252 | D:4      | 5252 ||| READING scroll labelled VEPPOTSEXIL.
  5253 | D:4      | 5253 ||| DRINKING 2 smoky yellow potions.
  5254 | D:4      | 5254 ||| DRINKING 2 sapphire potions.
  5255 | D:4      | 5255 ||| READING 2 scrolls of identify.
  5255 | D:4      | 5255 ||| IDENTIFYING inky potion
  5256 | D:4      | 5256 ||| DROPPING potion of magic.
  5276 | D:5      | Entered Level 5 of the Dungeon
  5277 | D:5      | 5277 ||| PLANNING SEWER
  5281 | D:5      | 5281 ||| Stepping ~*~*~tactically~*~*~ (stealth).
  5284 | D:5      | Reached *** piety under Trog
  5296 | D:5      | 5296 ||| INVOKING Berserk.
  5368 | D:5      | Found a glowing drain.
  5379 | Sewer    | Entered a sewer
  5401 | Sewer    | 5401 ||| Stepping ~*~*~tactically~*~*~ (water).
  5422 | Sewer    | 5422 ||| Stepping ~*~*~tactically~*~*~ (stealth).
  5639 | Sewer    | 5639 ||| Stepping ~*~*~tactically~*~*~ (water).
  5674 | Sewer    | 5674 ||| Stepping ~*~*~tactically~*~*~ (water).
  5863 | Sewer    | Reached skill level 7 in Axes
  5957 | Sewer    | Reached **** piety under Trog
  5979 | D:5      | 5979 ||| PLANNING D:1-11
  6026 | D:5      | 6026 ||| INVOKING Berserk.
  6029 | D:5      | Reached XP level 8. HP: 50/50 MP: 8/8
  6148 | D:5      | 6148 ||| Stepping ~*~*~tactically~*~*~ (stealth).
  6222 | D:5      | Noticed Ijyb
  6225 | D:5      | 6225 ||| INVOKING Berserk.
  6228 | D:5      | Killed Ijyb
  6412 | D:5      | Found a staircase to the Ecumenical Temple.
  6605 | D:5      | Reached skill level 8 in Axes
  6839 | D:5      | 6839 ||| READING scroll labelled XUDDAIL POKLOB.
  6840 | D:5      | 6840 ||| READING 2 scrolls of identify.
  6840 | D:5      | 6840 ||| IDENTIFYING red potion
  6899 | D:6      | Found a radiant altar of Vehumet.
  6923 | D:6      | 6923 ||| INVOKING Berserk.
  7042 | D:6      | 7042 ||| Stepping ~*~*~tactically~*~*~ (stealth).
  7044 | D:6      | 7044 ||| Stepping ~*~*~tactically~*~*~ (stealth).
  7045 | D:6      | 7045 ||| INVOKING Berserk.
  7079 | D:6      | 7079 ||| FLEEEEING.
  7080 | D:6      | 7080 ||| FLEEEEING.
  7081 | D:6      | 7081 ||| FLEEEEING.
  7082 | D:6      | 7082 ||| FLEEEEING.
  7084 | D:6      | 7084 ||| FLEEEEING.
  7164 | D:6      | 7164 ||| Stepping ~*~*~tactically~*~*~ (stealth).
  7172 | D:6      | Reached skill level 6 in Fighting
  7367 | D:6      | 7367 ||| Stepping ~*~*~tactically~*~*~ (stealth).
  7368 | D:6      | 7368 ||| Stepping ~*~*~tactically~*~*~ (stealth).
  7372 | D:6      | 7372 ||| Stepping ~*~*~tactically~*~*~ (stealth).
  7373 | D:6      | 7373 ||| INVOKING Berserk.
  7571 | D:6      | 7571 ||| READING scroll of enchant armour.
  7571 | D:6      | 7571 ||| ENCHANTING +0 pair of gloves.
  7586 | D:6      | 7586 ||| FLEEEEING.
  7587 | D:6      | 7587 ||| FLEEEEING.
  7588 | D:6      | 7588 ||| FLEEEEING.
  7589 | D:6      | 7589 ||| FLEEEEING.
  7590 | D:6      | 7590 ||| FLEEEEING.
  7591 | D:6      | 7591 ||| FLEEEEING.
  7592 | D:6      | 7592 ||| FLEEEEING.
  7593 | D:6      | 7593 ||| FLEEEEING.
  7594 | D:6      | 7594 ||| FLEEEEING.
  7595 | D:6      | 7595 ||| FLEEEEING.
  7596 | D:6      | 7596 ||| FLEEEEING.
  7597 | D:6      | 7597 ||| FLEEEEING.
  7598 | D:6      | 7598 ||| FLEEEEING.
  7599 | D:6      | 7599 ||| FLEEEEING.
  7600 | D:6      | 7600 ||| FLEEEEING.
  7606 | D:6      | 7606 ||| INVOKING Berserk.
  7612 | D:6      | Reached XP level 9. HP: 55/55 MP: 9/9
  7613 | D:6      | Reached skill level 9 in Axes
  7618 | D:6      | 7618 ||| DRINKING potion of curing.
  7618 | D:6      | 7618 ||| (to cure confusion)
  7814 | D:6      | Found Emesydd's Distillery.
  7822 | D:6      | 7822 ||| BUYING potion of curing (30 gold).
  7822 | D:6      | Bought a potion of curing for 30 gold pieces
  7822 | D:6      | 7822 ||| BUYING potion of curing (30 gold).
  7822 | D:6      | Bought a potion of curing for 30 gold pieces
  7822 | D:6      | 7822 ||| BUYING potion of heal wounds (50 gold).
  7822 | D:6      | Bought a potion of heal wounds for 50 gold pieces
  7822 | D:6      | 7822 ||| BUYING potion of heal wounds (50 gold).
  7822 | D:6      | Bought a potion of heal wounds for 50 gold pieces
  7822 | D:6      | 7822 ||| BUYING potion of heal wounds (50 gold).
  7822 | D:6      | Bought a potion of heal wounds for 50 gold pieces
  7822 | D:6      | 7822 ||| SHOPLISTING potion of mutation (80 gold, have 51).
  7959 | D:6      | 7959 ||| UPGRADING to ring of resist corrosion.
  7960 | D:6      | 7960 ||| READING 2 scrolls of identify.
  7960 | D:6      | 7960 ||| IDENTIFYING fuming blue potion
  7961 | D:6      | 7961 ||| DROPPING potion of brilliance.
  8211 | D:7      | 8211 ||| INVOKING Berserk.
  8225 | D:7      | 8225 ||| Stepping ~*~*~tactically~*~*~ (stealth).
  8226 | D:7      | 8226 ||| Stepping ~*~*~tactically~*~*~ (stealth).
  8347 | D:7      | Reached skill level 10 in Axes
  8572 | D:7      | 8572 ||| Stepping ~*~*~tactically~*~*~ (stealth).
  8796 | D:7      | 8796 ||| INVOKING Berserk.
  9093 | D:7      | 9093 ||| Stepping ~*~*~tactically~*~*~ (hiding).
  9208 | D:7      | 9208 ||| UPGRADING to +0 plate armour.
  9218 | D:7      | 9218 ||| DROPPING +0 chain mail.
  9219 | D:7      | 9219 ||| READING scroll labelled CASIXK ECENTO.
  9289 | D:8      | Reached skill level 6 in Armour
  9308 | D:8      | Found a staircase to the Lair.
  9365 | D:8      | Found Neranec's Distillery.
  9573 | D:8      | 9573 ||| Stepping ~*~*~tactically~*~*~ (hiding).
  9579 | D:8      | 9579 ||| INVOKING Berserk.
  9727 | D:8      | Reached XP level 10. HP: 49/64 MP: 10/10
  9840 | D:8      | 9840 ||| Stepping ~*~*~tactically~*~*~ (stealth).
  9841 | D:8      | 9841 ||| Stepping ~*~*~tactically~*~*~ (stealth).
  9858 | D:8      | 9858 ||| INVOKING Berserk.
 10039 | D:8      | 10039 ||| READING scroll of enchant armour.
 10039 | D:8      | 10039 ||| ENCHANTING +1 pair of gloves.
 10076 | D:8      | 10076 ||| Stepping ~*~*~tactically~*~*~ (hiding).
 10077 | D:8      | 10077 ||| Stepping ~*~*~tactically~*~*~ (hiding).
 10079 | D:8      | 10079 ||| Stepping ~*~*~tactically~*~*~ (hiding).
 10084 | D:8      | 10084 ||| INVOKING Berserk.
 10084 | D:8      | HP: 19/96 [efreet/bolt of fire (23)]
 10087 | D:8      | HP: 7/96 [efreet/bolt of fire (5)]
 10118 | D:8      | 10118 ||| READING 5 scrolls of teleportation.
 10119 | D:8      | 10119 ||| DRINKING 4 potions of heal wounds.
 10132 | D:8      | 10132 ||| Stepping ~*~*~tactically~*~*~ (stealth).
 10133 | D:8      | 10133 ||| Stepping ~*~*~tactically~*~*~ (stealth).
 10134 | D:8      | 10134 ||| Stepping ~*~*~tactically~*~*~ (stealth).
 10157 | D:8      | 10157 ||| Stepping ~*~*~tactically~*~*~ (stealth).
 10342 | D:8      | Noticed a manticore
 10344 | D:8      | 10344 ||| INVOKING Berserk.
 10351 | D:8      | Killed a manticore
 10352 | D:8      | Reached skill level 11 in Axes
 10369 | D:8      | HP: 14/64 [slime creature (15)]
 10370 | D:8      | 10370 ||| READING 4 scrolls of teleportation.
 10371 | D:8      | 10371 ||| DRINKING 3 potions of heal wounds.
 10373 | D:8      | Identified the ring "Fapras" {Ice Will+ SInv}
 10373 | D:8      | Noticed a centaur warrior
 10374 | D:8      | HP: 12/64 [centaur warrior/arrow (15)]
 10375 | D:8      | 10375 ||| READING 3 scrolls of teleportation.
 10375 | D:8      | Shot with an arrow by a centaur warrior

Levels and vault maps discovered:
D:1:      lightli_molten_gateway, layout_loops_ring, minmay_indecisive_spiral
D:2:      layout_rooms, chequers_ecumenical_altar_lobes
D:3:      minmay_recursive_quarters, layout_rooms,
          chequers_temple_overflow_statue_of_worship, serial_shops,
          nicolae_diamond_shop, st_stairs_9
D:4:      kennysheep_six_static_rooms, layout_gridville, trog_hazing_becter,
          nemelex_dance_club_becter
D:5:      layout_loops_ring, minmay_temple_entry_gardened_gates,
          cheibrodos_sewer_entry_drain, hangedman_decor_points, uniq_ijyb
D:6:      layout_loops_cross, lemuel_tele_altar, serial_shops, shop
D:7:      layout_basic, enter_bailey_3, dreamdust_princess_bridge
D:8:      minmay_the_grid_octo_2x2 [minmay_the_grid_octo_focus,
          minmay_the_grid_octo_77, minmay_the_grid_octo_toaster,
          minmay_the_grid_octo_prize_big_c], layout_loops_ring,
          lair_entry_dummy, serial_shops, nicolae_shop_waterfront

Skill      XL: |  1  2  3  4  5  6  7  8  9 10 |
---------------+-------------------------------+-----
Axes           | 3 4 5 6 7 8 10 11 | 11.3
Fighting       | 4 5 6 8 |  8.1
Throwing       | 2 |  2.1
Armour         | 3 4 6 |  6.6
Dodging        | |  1.5

Action                   |  1- 3 |  4- 6 |  7- 9 | 10-12 || total
-------------------------+-------+-------+-------+-------++-------
Melee: Hand axe          |   101 |   116 |       |       ||   217
       Punch             |     2 |     2 |     4 |     1 ||     9
       War axe           |       |    39 |   306 |    74 ||   419
Throw: Boomerang         |    27 |    39 |    56 |     3 ||   125
       Javelin           |       |     2 |    31 |       ||    33
Invok: Berserk           |     1 |     5 |    11 |     3 ||    20
  Use: Scroll            |     4 |     5 |     8 |     4 ||    21
       Potion            |     1 |       |     3 |     2 ||     6
Armor: Animal skin       |    18 |       |       |       ||    18
       Ring mail         |    10 |    10 |       |       ||    20
       Chain mail        |       |   107 |   171 |       ||   278
       Plate armour      |       |       |    18 |    46 ||    64
Dodge: Dodged            |    52 |    67 |   135 |    31 ||   285

Table legend:
 A = Non-vault XP
 B = Vault XP
 C = Vault XP percentage of total XP
 D = Non-vault monster count
 E = Vault monster count
 F = Vault count percentage of total count
                 A         B        C        D         E       F
            +---------+---------+-------+---------+---------+-------
      Total |    3977 |    2893 |  42.1 |     144 |      99 |  40.7
            +---------+---------+-------+---------+---------+-------
        D:1 |      35 |       6 |  14.6 |      22 |       4 |  15.4
        D:2 |      62 |       0 |   0.0 |      20 |       0 |   0.0
        D:3 |     197 |     167 |  45.9 |      34 |      11 |  24.4
        D:4 |      65 |     163 |  71.5 |      11 |      14 |  56.0
        D:5 |     654 |      42 |   6.0 |      15 |       4 |  21.1
        D:6 |    1077 |       0 |   0.0 |      19 |       0 |   0.0
        D:7 |    1164 |       6 |   0.5 |      13 |       4 |  23.5
        D:8 |     723 |    2207 |  75.3 |      10 |      13 |  56.5
      Sewer |       0 |     302 | 100.0 |       0 |      49 | 100.0
            +---------+---------+-------+---------+---------+-------
